 Dungeon Crawl Stone Soup version 0.31.0-11-ge490571c62 (webtiles) character file.

Game seed: 5857556826410545373

44 qw the Shooter (level 3, -2/20 HPs)
             Began as a Deep Elf Hunter on Feb 4, 2024.
             Slain by Sigmund
             ... wielding a +0 scythe
              (6 damage)
             ... on level 2 of the Dungeon.
             The game lasted 00:00:04 (935 turns).

qw the Shooter (Deep Elf Hunter)                     Turns: 935, Time: 00:00:04

Health: -2/20      AC:  6    Str: 10    XL:     3   Next: 39%
Magic:  5/5        EV:  9    Int: 13    God:
Gold:   1          SH:  0    Dex: 18    Spells: 2/2 levels left

rFire   . . .        a - +0 shortbow
rCold   . . .        (shield currently unavailable)
rNeg    . . .        e - +0 scale mail
rPois   .            (no helmet)
rElec   .            (no cloak)
rCorr   .            (no gloves)
SInv    .            (no boots)
Will    .....        (no amulet)
Stlth   +            (no ring)
HPRegen 0.23/turn    (no ring)
MPRegen 0.09/turn

%: no passive effects
@: very slow
A: no striking features
a: no special abilities


You were on level 2 of the Dungeon.
You visited 1 branch of the dungeon, and saw 2 of its levels.

You collected 34 gold pieces.
You spent 33 gold pieces at shops.


   Skills:
 - Level 1.5 Fighting
 + Level 7.0 Ranged Weapons
 - Level 2.4 Dodging
 - Level 1.2 Stealth


You had 2 spell levels left.
You didn't know any spells.
Your spell library was empty.

Inventory:

Hand Weapons
 a - a +0 shortbow (weapon)
Armour
 b - a +0 ring mail
 e - a +0 scale mail (worn)
Scrolls
 c - a scroll of identify
 g - 3 scrolls of teleportation
Potions
 i - a potion of enlightenment
 k - a potion of curing

Dungeon Overview and Level Annotations

Branches:
Dungeon (2/15)

Altars:

Shops:
D:2 *

Annotations:
D:2 Sigmund


Message History

You shoot an arrow. The arrow hits the ball python!
You kill the ball python!
You start resting.
HP restored.
You see here a frilled lizard corpse.
c - a scroll of identify You enter the shallow water.
Moving in this stuff is going to be slow.
A goblin comes into view. It is wielding a +0 club.
You shoot an arrow. The arrow barely misses the goblin.
You shoot an arrow. The arrow hits the goblin!
You kill the goblin!
Your Ranged Weapons skill increases to level 7!
You enter the shallow water.
Moving in this stuff is going to be slow.
Sigmund the Dreaded comes into view.
He is wielding a +0 scythe.
Sigmund shouts!
You shoot an arrow. The arrow hits Sigmund!
Sigmund is moderately wounded.
You shoot an arrow.
The arrow hits Sigmund but does no damage.
Sigmund is moderately wounded.
You shoot an arrow. The arrow closely misses Sigmund.
You shoot an arrow. The arrow closely misses Sigmund.
You shoot an arrow. The arrow hits Sigmund!
Sigmund is heavily wounded.
Sigmund gestures wildly while chanting.
Sigmund flickers and vanishes!
Deactivating autopickup; reactivate with Ctrl-A.
You shoot an arrow. Something hits you!
You shoot an arrow. Something hits you but does no damage.
You shoot an arrow. Something hits you.
You shoot an arrow. Something hits you!
You shoot an arrow. Something hits you.
You die...

#..##[### # #.....#
#..#.# # #.....#
#.%.##### #.....# ~##
###.%...# #.#.....#~~~##
#..##.# #.+.....#~~~~#
##.##.# .##.?.)..#~~~~#
#..#.# .~.....~~#~~.~#
##.#.#
~~~~~~~@~~~~~~######...#
.~~~~~~~.~~~~~.##......#
~.~~~{~~~~~~~.###.####.#
~~~~~~~~~~~~..# #.# #..
.~......~..~.####.# ###
....###...........######
##.##......######......#
#. #.#.##.# #.##.####..
#.#. #.# #....# #..


There were no monsters in sight!

Vanquished Creatures
  A ribbon worm (D:2)
  9 ball pythons
  2 endoplasms (D:1)
  2 giant cockroaches (D:1)
  2 hobgoblins
  2 quokkas (D:1)
  A bat (D:1)
  4 frilled lizards
  6 goblins
  7 kobolds (D:1)
  2 rats (D:1)
38 creatures vanquished.

Notes
Turn   | Place    | Note
-------+----------+-------------------------------------------
     0 | D:1      | qw the Deep Elf Hunter began the quest for the Orb.
     0 | D:1      | Reached XP level 1. HP: 12/12 MP: 3/3
     0 | D:1      | 0 ||| qw: Version: 0.3-a-160-g6735b56
     0 | D:1      | 0 ||| qw: Game counter: 4555
     0 | D:1      | 0 ||| qw: Melee chars always use a shield: true
     0 | D:1      | 0 ||| qw: God list: Okawaru
     0 | D:1      | 0 ||| qw: Allow faded altars: false
     0 | D:1      | 0 ||| qw: Do Orc after clearing Dungeon:15 true
     0 | D:1      | 0 ||| qw: Do second Lair branch before Depths: true
     0 | D:1      | 0 ||| qw: Lair rune preference: random
     0 | D:1      | 0 ||| qw: Goals: Normal
     0 | D:1      | 0 ||| PLANNING D:1-11
   114 | D:1      | Reached skill level 6 in Ranged Weapons
   114 | D:1      | Reached XP level 2. HP: 16/16 MP: 4/4
   355 | D:1      | Reached XP level 3. HP: 20/20 MP: 5/5
   699 | D:1      | 699 ||| UPGRADING to +0 scale mail.
   709 | D:1      | 709 ||| DROPPING +0 leather armour.
   710 | D:1      | 710 ||| READING scroll labelled NIDYPO UGHAM.
   711 | D:1      | 711 ||| READING 4 scrolls labelled AKOTUD WOMN.
   711 | D:1      | 711 ||| IDENTIFYING yellow potion
   712 | D:1      | 712 ||| READING 3 scrolls of identify.
   712 | D:1      | 712 ||| IDENTIFYING dark potion
   713 | D:1      | 713 ||| READING 2 scrolls of identify.
   713 | D:1      | 713 ||| IDENTIFYING scroll labelled NISSUTWU HYATI
   714 | D:1      | 714 ||| READING scroll of identify.
   714 | D:1      | 714 ||| IDENTIFYING 2 scrolls labelled CEFOWN IHEN
   715 | D:1      | 715 ||| READING 3 scrolls labelled RAJEAMN CAOL.
   716 | D:1      | 716 ||| DROPPING scroll of butterflies.
   717 | D:1      | 717 ||| DROPPING 2 scrolls of blinking.
   718 | D:1      | 718 ||| DROPPING scroll of amnesia.
   824 | D:2      | Found Uddad's General Store.
   833 | D:2      | 833 ||| SHOPLISTING 2 scrolls of teleportation (66 gold,
                  | have 34).
   833 | D:2      | 833 ||| BUYING scroll of teleportation (33 gold).
   833 | D:2      | Bought a scroll of teleportation for 33 gold pieces
   923 | D:2      | Reached skill level 7 in Ranged Weapons
   925 | D:2      | Noticed Sigmund
   934 | D:2      | HP: 3/20 [something (7)]
   935 | D:2      | Slain by Sigmund

Levels and vault maps discovered:
D:1:      saegor_arrival_fortress, layout_basic, minmay_misc_feat_iff
D:2:      minmay_door_path, layout_basic, serial_shops, shop,
          chequers_serial_rivers_large_a, uniq_sigmund, uniq_natasha

Skill      XL: |  1  2  3 |
---------------+----------+-----
Ranged Weapons | 6 7 |  7.0
Fighting       | |  1.5
Dodging        | |  2.4
Stealth        | |  1.2

Action                     || total
---------------------------++-------
   Fire: Shortbow          ||   108
    Use: Scroll            ||     6
 Armour: Leather armour    ||    11
         Scale mail        ||    13
  Dodge: Dodged            ||    18

Table legend:
 A = Non-vault XP
 B = Vault XP
 C = Vault XP percentage of total XP
 D = Non-vault monster count
 E = Vault monster count
 F = Vault count percentage of total count
                 A         B        C        D         E       F
            +---------+---------+-------+---------+---------+-------
      Total |      63 |       0 |   0.0 |      38 |       0 |   0.0
            +---------+---------+-------+---------+---------+-------
        D:1 |      49 |       0 |   0.0 |      31 |       0 |   0.0
        D:2 |      14 |       0 |   0.0 |       7 |       0 |   0.0
            +---------+---------+-------+---------+---------+-------
